[Event "GambitGuide"]
[Site "Internet Chess Club"]
[Date "2014.10.31"]
[Round "1"]
[White "JSBach"]
[Black "freepawn25"]
[Result "1-0"]
[ICCResult "Black resigns"]
[WhiteElo "1733"]
[BlackElo "1397"]
[Opening "Vienna: `Frankenstein-Dracula' variation"]
[ECO "C27"]
[NIC "VG.02"]
[Time "09:20:20"]
[TimeControl "120+12"]

1. e4 e5 2. Nc3 Nf6 3. Bc4 Nxe4 4. Qh5 Nd6 5. Bb3 Nc6 6. Nb5 g6 7. Qf3 f5 8.
Qd5 Qe7 9. Nxc7+ Kd8 10. Nxa8 b6 11. d3 Nb4 12. Bg5 Nxd5 13. Bxe7+ Bxe7 14.
Bxd5 Bb7 15. Bxb7 Nxb7 16. Rd1 Kc8 17. d4 e4 18. g4 Na5 19. gxf5 gxf5 20. d5
Bd6 21. f3 Kb7 22. fxe4 fxe4 23. Rd4 Re8 24. b4 Be5 25. Rd2 Nc4 26. Nxb6
axb6 27. Rf2 Bc3+ 28. Ke2 Re7 29. b5 Bd4 30. Rg2 Ne3 31. Rg3 Nxd5 32. Kd2
e3+ 33. Kd3 Bc5 34. Kc4 Nf4 35. Nh3 d5+ 36. Kb3 Ne2 37. Rg2 Nd4+ 38. Ka4 e2
39. Re1 Re3 40. Rg7+ Kc8 41. Rg8+ Kd7 42. Rg3 Re4 43. Rg7+ Ke6 44. Ng5+
{Black resigns}
1-0

[Event "GambitGuide"]
[Site "Internet Chess Club"]
[Date "2014.10.31"]
[Round "1"]
[White "JSBach"]
[Black "mgchess"]
[Result "1-0"]
[ICCResult "Black resigns"]
[WhiteElo "1733"]
[BlackElo "1364"]
[Opening "Vienna: `Frankenstein-Dracula' variation"]
[ECO "C27"]
[NIC "VG.02"]
[Time "09:26:40"]
[TimeControl "120+12"]

1. e4 e5 2. Nc3 Nf6 3. Bc4 Nxe4 4. Qh5 Nd6 5. Bb3 Nc6 6. Nb5 g6 7. Qf3 f5 8.
Qd5 Qe7 9. Nxc7+ Kd8 10. Nxa8 b6 11. d3 Bb7 12. Nxb6 axb6 13. Qf3 e4 14.
dxe4 Nxe4 15. Be3 Ne5 16. Bxb6+ Ke8 17. Qe3 Bg7 18. Rd1 Ng4 19. Qe2 Bxb2 20.
Kf1 Bc3 21. Qd3 Nd2+ 22. Rxd2 Bxd2 23. Qxd2 Ba6+ 24. c4 Qe4 25. Qe2 Qxe2+
26. Kxe2 Ne5 27. Bd4 d6 28. f4 {Black resigns} 1-0

[Event "GambitGuide"]
[Site "Internet Chess Club"]
[Date "2014.10.31"]
[Round "1"]
[White "JSBach"]
[Black "prgold"]
[Result "0-1"]
[ICCResult "White checkmated"]
[WhiteElo "1737"]
[BlackElo "2253"]
[Opening "Vienna: `Frankenstein-Dracula' variation"]
[ECO "C27"]
[NIC "VG.02"]
[Time "09:23:33"]
[TimeControl "120+12"]

1. e4 e5 2. Nc3 Nf6 3. Bc4 Nxe4 4. Qh5 Nd6 5. Bb3 Nc6 6. Nb5 g6 7. Qf3 f5 8.
Qd5 Qe7 9. Nxc7+ Kd8 10. Nxa8 b6 11. d3 Bb7 12. Nxb6 axb6 13. Qf3 Nd4 14.
Qg3 f4 15. Qg4 h5 16. Qxg6 Rh6 17. Qg8 Qf6 18. Ne2 Rg6 19. Qh7 Rh6 20. Qg8
Rg6 21. Qh7 Rh6 22. Qg8 Rg6 23. Qh7 Nxe2 24. Kxe2 Rxg2 25. Qxh5 e4 26. dxe4
Nxe4 27. Re1 Rxf2+ 28. Kd3 Nc5+ 29. Kc4 d5+ 30. Qxd5+ Bxd5+ 31. Kxd5 Qd6+
32. Kc4 Nxb3 33. Re8+ Kxe8 34. Be3 fxe3 35. cxb3 Rc2+ 36. Kb5 Qb4+ 37. Ka6
Qa5+ 38. Kb7 b5 39. Rc1 Rxc1 40. a3 Rc7+ 41. Kb8 Qa7# {White checkmated} 0-1

[Event "GambitGuide"]
[Site "Internet Chess Club"]
[Date "2014.10.31"]
[Round "1"]
[White "JSBach"]
[Black "nightyknight"]
[Result "0-1"]
[ICCResult "White checkmated"]
[WhiteElo "1737"]
[BlackElo "1189"]
[Opening "Vienna: `Frankenstein-Dracula' variation"]
[ECO "C27"]
[NIC "VG.02"]
[Time "09:26:29"]
[TimeControl "120+12"]

1. e4 e5 2. Nc3 Nf6 3. Bc4 Nxe4 4. Qh5 Nd6 5. Bb3 Nc6 6. Nb5 g6 7. Qf3 f5 8.
Qd5 Qe7 9. Nxc7+ Kd8 10. Nxa8 b6 11. d3 Nd4 12. f4 e4 13. Qxd4 exd3+ 14. Kf1
Bg7 15. Qxd3 Bb7 16. Bd5 Re8 17. Nf3 Bxd5 18. Qxd5 Qe2+ 19. Kg1 Ne4 20. Qd2
Nxd2 21. Bxd2 Bd4+ 22. Nxd4 Qxd2 23. Nf3 Qxc2 24. b3 Re2 25. Kf1 Rxg2 26.
Nd2 Qxd2 27. h4 Qf2# {White checkmated} 0-1

[Event "GambitGuide"]
[Site "Internet Chess Club"]
[Date "2014.10.31"]
[Round "1"]
[White "JSBach"]
[Black "mgchess"]
[Result "1-0"]
[ICCResult "Black resigns"]
[WhiteElo "1737"]
[BlackElo "1364"]
[Opening "Vienna: `Frankenstein-Dracula' variation"]
[ECO "C27"]
[NIC "VG.02"]
[Time "09:28:18"]
[TimeControl "120+12"]

1. e4 e5 2. Nc3 Nf6 3. Bc4 Nxe4 4. Qh5 Nd6 5. Bb3 Nc6 6. Nb5 g6 7. Qf3 f5 8.
Qd5 Qe7 9. Nxc7+ Kd8 10. Nxa8 b6 11. d3 Bb7 12. Nxb6 axb6 13. Qf3 Bg7 14.
Be3 f4 15. Bxb6+ {Black resigns} 1-0

[Event "GambitGuide"]
[Site "Internet Chess Club"]
[Date "2014.10.31"]
[Round "1"]
[White "JSBach"]
[Black "nsideurheadbro"]
[Result "1-0"]
[ICCResult "Black resigns"]
[WhiteElo "1709"]
[BlackElo "1184"]
[Opening "Vienna: `Frankenstein-Dracula' variation"]
[ECO "C27"]
[NIC "VG.02"]
[Time "09:25:21"]
[TimeControl "120+12"]

1. e4 e5 2. Nc3 Nf6 3. Bc4 Nxe4 4. Qh5 Nd6 5. Bb3 Nc6 6. Nb5 g6 7. Qf3 f5 8.
Qd5 Qe7 9. Nxc7+ Kd8 10. Nxa8 b6 11. d3 Bb7 12. Nxb6 axb6 13. Qf3 Nd4 14.
Qg3 f4 15. Qg4 Bh6 16. Ba4 b5 17. Bb3 Nxb3 18. axb3 Nf5 19. Ra7 Bc6 20. c3
Qd6 21. Nf3 e4 22. dxe4 Bxe4 23. Ng5 Qf6 24. Nxe4 Qe5 25. Ra8+ Kc7 26. Rxh8
Qxe4+ 27. Kf1 {Black resigns} 1-0

[Event "GambitGuide"]
[Site "Internet Chess Club"]
[Date "2014.10.31"]
[Round "1"]
[White "JSBach"]
[Black "Diracie"]
[Result "1-0"]
[ICCResult "Black resigns"]
[WhiteElo "1709"]
[BlackElo "1437"]
[Opening "Vienna: `Frankenstein-Dracula' variation"]
[ECO "C27"]
[NIC "VG.02"]
[Time "09:26:04"]
[TimeControl "120+12"]

1. e4 e5 2. Nc3 Nf6 3. Bc4 Nxe4 4. Qh5 Nd6 5. Bb3 Nc6 6. Nb5 g6 7. Qf3 f5 8.
Qd5 Qe7 9. Nxc7+ Kd8 10. Nxa8 b6 11. d3 Bb7 12. Nxb6 axb6 13. Qf3 Nd4 14.
Qh3 h6 15. Qg3 g5 16. Ba4 b5 17. Bb3 Bg7 18. Bd2 Bf6 19. Ba5+ Ke8 20. Ne2
Nxb3 21. axb3 Kf7 22. Bc3 h5 23. Qh3 g4 24. Qe3 f4 25. Qc5 Bxg2 26. Rg1 Bf3
27. Ra6 Nf5 28. Qxb5 Rd8 29. Ra5 d6 30. b4 Re8 31. Kd1 Bxe2+ 32. Kxe2 Nd4+
33. Bxd4 exd4+ 34. Kd1 Qe2+ 35. Kc1 f3 36. Qxh5+ Kf8 37. Rf5 Qxf2 38. Rxf6+
Ke7 39. Qf7+ Kd8 40. Rxd6+ Kc8 41. Qd7+ Kb8 42. Rb6+ {Black resigns} 1-0

[Event "GambitGuide"]
[Site "Internet Chess Club"]
[Date "2014.10.31"]
[Round "1"]
[White "JSBach"]
[Black "Chessprincess64"]
[Result "1-0"]
[ICCResult "Black resigns"]
[WhiteElo "1709"]
[BlackElo "2000"]
[Opening "Vienna: `Frankenstein-Dracula' variation"]
[ECO "C27"]
[NIC "VG.02"]
[Time "09:26:40"]
[TimeControl "120+12"]

1. e4 e5 2. Nc3 Nf6 3. Bc4 Nxe4 4. Qh5 Nd6 5. Bb3 Nc6 6. Nb5 g6 7. Qf3 f5 8.
Qd5 Qe7 9. Nxc7+ Kd8 10. Nxa8 b6 11. d3 Bb7 12. Nxb6 axb6 13. Qf3 Kc7 14.
Bd2 Bg7 15. c3 e4 16. dxe4 Nxe4 17. Be3 Nxc3 18. Rc1 Ne4 19. Rc2 Re8 20. a3
Kb8 21. Ne2 Ne5 22. Qf4 Ka8 23. O-O Nd3 24. Qc7 {Black resigns} 1-0

[Event "GambitGuide"]
[Site "Internet Chess Club"]
[Date "2014.10.31"]
[Round "1"]
[White "JSBach"]
[Black "ClubberLang"]
[Result "1-0"]
[ICCResult "Black checkmated"]
[WhiteElo "1709"]
[BlackElo "1684"]
[Opening "Vienna: `Frankenstein-Dracula' variation"]
[ECO "C27"]
[NIC "VG.02"]
[Time "09:27:23"]
[TimeControl "120+12"]

1. e4 e5 2. Nc3 Nf6 3. Bc4 Nxe4 4. Qh5 Nd6 5. Bb3 Nc6 6. Nb5 g6 7. Qf3 f5 8.
Qd5 Qe7 9. Nxc7+ Kd8 10. Nxa8 b6 11. d3 Bb7 12. Nxb6 axb6 13. Qf3 Nd4 14.
Qh3 Bg7 15. Be3 N6b5 16. a4 Nxb3 17. cxb3 Nd4 18. Rc1 Nxb3 19. Bxb6+ Ke8 20.
Rc4 Ba6 21. Rh4 e4 22. Be3 exd3 23. Rf4 Bxb2 24. Kd1 Bb7 25. Ke1 Bc3+ 26.
Kf1 d2 27. Ke2 Ba6+ 28. Kd1 Qa3 29. Ne2 Qa1+ 30. Kc2 Qxh1 31. Nxc3 Na1+ 32.
Kxd2 Nb3+ 33. Kc2 Qa1 34. Kxb3 Kf7 35. Kc2 Rb8 36. Qxh7+ Kf6 37. Bd4+ Ke6
38. Qxg6+ Ke7 39. Nd5+ Kd8 40. Qg8# {Black checkmated} 1-0

[Event "GambitGuide"]
[Site "Internet Chess Club"]
[Date "2014.10.31"]
[Round "1"]
[White "JSBach"]
[Black "mgchess"]
[Result "1-0"]
[ICCResult "Black checkmated"]
[WhiteElo "1709"]
[BlackElo "1364"]
[Opening "Vienna: `Frankenstein-Dracula' variation"]
[ECO "C27"]
[NIC "VG.02"]
[Time "09:28:45"]
[TimeControl "120+12"]

1. e4 e5 2. Nc3 Nf6 3. Bc4 Nxe4 4. Qh5 Nd6 5. Bb3 Nc6 6. Nb5 g6 7. Qf3 f5 8.
Qd5 Qe7 9. Nxc7+ Kd8 10. Nxa8 b6 11. d3 Bb7 12. Nxb6 axb6 13. Qf3 Nd4 14.
Qg3 Bg7 15. Bg5 Bf6 16. Bxf6 Qxf6 17. Ba4 Re8 18. c3 b5 19. Bb3 f4 20. Qh3
N4f5 21. a4 Nh4 22. f3 Qg5 23. Kf2 e4 24. fxe4 Bxe4 25. Nf3 Bxf3 26. gxf3
Nhf5 27. axb5 Qe7 28. Rhe1 Ne3 29. b6 Kc8 30. Ra8+ Kb7 31. Raa1 Qg5 32.
Qxd7+ Kxb6 33. Qa7+ Kc6 34. Ra6+ Kb5 35. Qb6# {Black checkmated} 1-0

[Event "GambitGuide"]
[Site "Internet Chess Club"]
[Date "2014.10.31"]
[Round "1"]
[White "JSBach"]
[Black "freepawn25"]
[Result "1-0"]
[ICCResult "Black resigns"]
[WhiteElo "1687"]
[BlackElo "1397"]
[Opening "Vienna: `Frankenstein-Dracula' variation"]
[ECO "C27"]
[NIC "VG.02"]
[Time "09:27:15"]
[TimeControl "120+12"]

1. e4 e5 2. Nc3 Nf6 3. Bc4 Nxe4 4. Qh5 Nd6 5. Bb3 Nc6 6. Nb5 g6 7. Qf3 f5 8.
Qd5 Qe7 9. Nxc7+ Kd8 10. Nxa8 b6 11. d3 Bb7 12. Nxb6 axb6 13. Qf3 Kc7 14. c3
e4 15. dxe4 Nxe4 16. Be3 Bg7 17. Rd1 Na5 18. Ba4 Nxc3 19. Rxd7+ Qxd7 20.
Qg3+ Qd6 21. Bxb6+ {Black resigns} 1-0

[Event "GambitGuide"]
[Site "Internet Chess Club"]
[Date "2014.10.31"]
[Round "1"]
[White "JSBach"]
[Black "oapa"]
[Result "1-0"]
[ICCResult "Black resigns"]
[WhiteElo "1687"]
[BlackElo "1559"]
[Opening "Vienna: `Frankenstein-Dracula' variation"]
[ECO "C27"]
[NIC "VG.02"]
[Time "09:23:30"]
[TimeControl "120+12"]

1. e4 e5 2. Nc3 Nf6 3. Bc4 Nxe4 4. Qh5 Nd6 5. Bb3 Nc6 6. Nb5 g6 7. Qf3 f5 8.
Qd5 Qe7 9. Nxc7+ Kd8 10. Nxa8 b6 11. d3 Bb7 12. Nxb6 axb6 13. Qf3 Nd4 14.
Qg3 f4 15. Qg4 N6f5 16. c3 Nxb3 17. axb3 Qe6 18. Ra7 Kc7 19. Qf3 Qc6 20. Qg4
Bc5 21. d4 exd4 22. Qxf4+ Bd6 23. Qf3 Re8+ 24. Kf1 dxc3 25. bxc3 Re4 26. Bg5
Qb5+ 27. Ne2 Qd5 28. Nf4 Qb5+ 29. c4 Qc6 30. Nd5+ Kb8 31. Rxb7+ Kxb7 32.
Qxe4 Bb4 33. Bd8 b5 34. f3 Bc5 35. Ke1 bxc4 36. bxc4 Nd4 37. Bf6 Ne6 38.
Qb1+ Kc8 39. Qb2 Qa4 40. Qb5 Qa1+ 41. Bxa1 {Black resigns} 1-0

[Event "GambitGuide"]
[Site "Internet Chess Club"]
[Date "2014.10.31"]
[Round "1"]
[White "JSBach"]
[Black "Fianchettoed"]
[Result "1-0"]
[ICCResult "Black forfeits on time"]
[WhiteElo "1677"]
[BlackElo "1444"]
[Opening "Vienna: `Frankenstein-Dracula' variation"]
[ECO "C27"]
[NIC "VG.02"]
[Time "09:28:43"]
[TimeControl "120+12"]

1. e4 e5 2. Nc3 Nf6 3. Bc4 Nxe4 4. Qh5 Nd6 5. Bb3 Nc6 6. Nb5 g6 7. Qf3 f5 8.
Qd5 Qe7 9. Nxc7+ Kd8 10. Nxa8 b6 11. d3 Bb7 12. Nxb6 Nd4 13. Bg5 Qxg5 14.
Qxe5 Bxg2 15. Qxh8 {Black forfeits on time} 1-0

[Event "GambitGuide"]
[Site "Internet Chess Club"]
[Date "2014.10.31"]
[Round "1"]
[White "JSBach"]
[Black "ClubberLang"]
[Result "1-0"]
[ICCResult "Black resigns"]
[WhiteElo "1677"]
[BlackElo "1684"]
[Opening "Vienna: `Frankenstein-Dracula' variation"]
[ECO "C27"]
[NIC "VG.02"]
[Time "09:30:30"]
[TimeControl "120+12"]

1. e4 e5 2. Nc3 Nf6 3. Bc4 Nxe4 4. Qh5 Nd6 5. Bb3 Nc6 6. Nb5 g6 7. Qf3 f5 8.
Qd5 Qe7 9. Nxc7+ Kd8 10. Nxa8 b6 11. d3 Bb7 12. Nxb6 axb6 13. Qf3 Nd4 14.
Qg3 Bg7 15. Bg5 Bf6 16. Bxf6 Qxf6 17. Ba4 b5 18. Bb3 e4 19. dxe4 Nxe4 20.
Qb8+ Ke7 21. Qxb7 Nxb3 22. axb3 Qxb2 23. Rd1 Qc3+ 24. Kf1 Nc5 25. Qxb5 Qxc2
26. Re1+ Kf7 27. b4 Qb3 28. Qxc5 Qd3+ 29. Ne2 Re8 30. Qc3 Qb5 31. Qd4
{Black resigns}
1-0

[Event "GambitGuide"]
[Site "Internet Chess Club"]
[Date "2014.10.31"]
[Round "1"]
[White "JSBach"]
[Black "nsideurheadbro"]
[Result "1-0"]
[ICCResult "Black resigns"]
[WhiteElo "1677"]
[BlackElo "1184"]
[Opening "Vienna: `Frankenstein-Dracula' variation"]
[ECO "C27"]
[NIC "VG.02"]
[Time "09:29:37"]
[TimeControl "120+12"]

1. e4 e5 2. Nc3 Nf6 3. Bc4 Nxe4 4. Qh5 Nd6 5. Bb3 Nc6 6. Nb5 g6 7. Qf3 f5 8.
Qd5 Qe7 9. Nxc7+ Kd8 10. Nxa8 b6 11. d3 Bb7 12. Nxb6 axb6 13. Qf3 Nd4 14.
Qg3 f4 15. Qg4 Bh6 16. Qh3 e4 17. Qxh6 exd3+ 18. Kf1 Bxg2+ 19. Kxg2 Qe4+ 20.
f3 Nxf3 21. Nxf3 Qe2+ 22. Kg1 Ne4 23. Qh4+ Kc7 24. Bxf4+ Kb7 25. Nd4 Qf2+
26. Qxf2 Nxf2 27. Kxf2 {Black resigns} 1-0

[Event "GambitGuide"]
[Site "Internet Chess Club"]
[Date "2014.10.31"]
[Round "1"]
[White "JSBach"]
[Black "Fianchettoed"]
[Result "1-0"]
[ICCResult "Black resigns"]
[WhiteElo "1677"]
[BlackElo "1444"]
[Opening "Vienna: `Frankenstein-Dracula' variation"]
[ECO "C27"]
[NIC "VG.02"]
[Time "09:31:42"]
[TimeControl "120+12"]

1. e4 e5 2. Nc3 Nf6 3. Bc4 Nxe4 4. Qh5 Nd6 5. Bb3 Nc6 6. Nb5 g6 7. Qf3 f5 8.
Qd5 Qe7 9. Nxc7+ Kd8 10. Nxa8 b6 11. d3 Bb7 12. Nxb6 Nd4 13. Bg5 Qxg5 14.
Qxe5 Bh6 15. Qxh8+ Kc7 16. Na8+ Bxa8 17. Qxa8 Qd2+ 18. Kf1 {Black resigns}
1-0

[Event "GambitGuide"]
[Site "Internet Chess Club"]
[Date "2014.10.31"]
[Round "1"]
[White "JSBach"]
[Black "mgchess"]
[Result "1-0"]
[ICCResult "Black checkmated"]
[WhiteElo "1677"]
[BlackElo "1364"]
[Opening "Vienna: `Frankenstein-Dracula' variation"]
[ECO "C27"]
[NIC "VG.02"]
[Time "09:31:27"]
[TimeControl "120+12"]

1. e4 e5 2. Nc3 Nf6 3. Bc4 Nxe4 4. Qh5 Nd6 5. Bb3 Nc6 6. Nb5 g6 7. Qf3 f5 8.
Qd5 Qe7 9. Nxc7+ Kd8 10. Nxa8 b6 11. d3 Bb7 12. Nxb6 axb6 13. Qf3 Nd4 14.
Qg3 Bg7 15. Bg5 Bf6 16. Bxf6 Qxf6 17. Ba4 e4 18. dxe4 Nxe4 19. Qb8+ Ke7 20.
Qxb7 Nc5 21. Qa7 Qe6+ 22. Kd1 Qc4 23. Nf3 Qe2+ 24. Kc1 Nxf3 25. gxf3 Qxf2
26. Rd1 Qe3+ 27. Kb1 Rd8 28. Qxb6 Qxf3 29. Qxc5+ d6 30. Qc7+ Ke6 31. Re1+
Kf6 32. Qe7# {Black checkmated} 1-0

[Event "GambitGuide"]
[Site "Internet Chess Club"]
[Date "2014.10.31"]
[Round "1"]
[White "JSBach"]
[Black "ClubberLang"]
[Result "1-0"]
[ICCResult "Black resigns"]
[WhiteElo "1677"]
[BlackElo "1684"]
[Opening "Vienna: `Frankenstein-Dracula' variation"]
[ECO "C27"]
[NIC "VG.02"]
[Time "09:32:01"]
[TimeControl "120+12"]

1. e4 e5 2. Nc3 Nf6 3. Bc4 Nxe4 4. Qh5 Nd6 5. Bb3 Nc6 6. Nb5 g6 7. Qf3 f5 8.
Qd5 Qe7 9. Nxc7+ Kd8 10. Nxa8 b6 11. d3 Bb7 12. Nxb6 axb6 13. Qf3 Nd4 14.
Qh3 Bg7 15. Be3 Nxb3 16. Bxb6+ Ke8 17. axb3 e4 18. d4 Nb5 19. Ra4 f4 20. Bc5
d6 21. Bb6 Bxd4 22. Bxd4 Nxd4 23. Rxd4 Kf7 24. b4 Rc8 25. Qxh7+ Kf6 26. Qh4+
{Black resigns}
1-0

[Event "GambitGuide"]
[Site "Internet Chess Club"]
[Date "2014.10.31"]
[Round "1"]
[White "JSBach"]
[Black "Diracie"]
[Result "1-0"]
[ICCResult "Black resigns"]
[WhiteElo "1677"]
[BlackElo "1437"]
[Opening "Vienna: `Frankenstein-Dracula' variation"]
[ECO "C27"]
[NIC "VG.02"]
[Time "09:29:39"]
[TimeControl "120+12"]

1. e4 e5 2. Nc3 Nf6 3. Bc4 Nxe4 4. Qh5 Nd6 5. Bb3 Nc6 6. Nb5 g6 7. Qf3 f5 8.
Qd5 Qe7 9. Nxc7+ Kd8 10. Nxa8 b6 11. d3 Nd4 12. h4 Bb7 13. Bg5 Bxd5 14.
Bxe7+ Bxe7 15. Nxb6 Bxb3 16. Rc1 axb6 17. axb3 g5 18. h5 g4 19. Kd1 Bg5 20.
Ra1 Ke7 21. Ne2 Nxe2 22. Kxe2 Rc8 23. c4 b5 24. Ra7 bxc4 25. dxc4 Ne4 26.
Rd1 Rd8 27. b4 Nf6 28. Rh1 f4 29. b5 e4 30. b6 Rb8 31. Ra6 Rb7 32. b4 f3+
33. Kf1 Kd6 34. Ra7 Kc6 35. Rxb7 Kxb7 36. c5 Nd5 37. Rg1 h6 38. b5 Nc3 39.
gxf3 gxf3 40. Rg3 Nxb5 41. Rg4 e3 42. Ke1 e2 43. Rb4 Na3 44. Rb2 Nc4 45. Rc2
d5 46. cxd6 Bd2+ 47. Rxd2 Nxd2 48. d7 {Black resigns} 1-0

[Event "GambitGuide"]
[Site "Internet Chess Club"]
[Date "2014.10.31"]
[Round "1"]
[White "JSBach"]
[Black "Chessprincess64"]
[Result "1-0"]
[ICCResult "Black resigns"]
[WhiteElo "1677"]
[BlackElo "2000"]
[Opening "Vienna: `Frankenstein-Dracula' variation"]
[ECO "C27"]
[NIC "VG.02"]
[Time "09:29:37"]
[TimeControl "120+12"]

1. e4 e5 2. Nc3 Nf6 3. Bc4 Nxe4 4. Qh5 Nd6 5. Bb3 Nc6 6. Nb5 g6 7. Qf3 f5 8.
Qd5 Qe7 9. Nxc7+ Kd8 10. Nxa8 b6 11. d3 Bb7 12. Nxb6 axb6 13. Qf3 Kc7 14.
Bd2 Bg7 15. Bc3 e4 16. Qe3 Bxc3+ 17. bxc3 f4 18. Qxf4 exd3+ 19. Qe3 Ne5 20.
Kf1 Ba6 21. cxd3 Bxd3+ 22. Ne2 Nf5 23. Qf4 Bxe2+ 24. Kxe2 d6 25. Rae1 Rf8
26. Bd5 g5 27. Qe4 {Black resigns} 1-0

[Event "GambitGuide"]
[Site "Internet Chess Club"]
[Date "2014.10.31"]
[Round "1"]
[White "JSBach"]
[Black "nsideurheadbro"]
[Result "1-0"]
[ICCResult "Black resigns"]
[WhiteElo "1677"]
[BlackElo "1184"]
[Opening "Vienna: `Frankenstein-Dracula' variation"]
[ECO "C27"]
[NIC "VG.02"]
[Time "09:32:17"]
[TimeControl "120+12"]

1. e4 e5 2. Nc3 Nf6 3. Bc4 Nxe4 4. Qh5 Nd6 5. Bb3 Nc6 6. Nb5 g6 7. Qf3 f5 8.
Qd5 Qe7 9. Nxc7+ Kd8 10. Nxa8 b6 11. d3 Bb7 12. Nxb6 axb6 13. Qf3 f4 14. Bd2
Bh6 15. Qh3 Bg5 16. Nf3 e4 17. Nxg5 exd3+ 18. Ne6+ Qxe6+ 19. Bxe6
{Black resigns}
1-0

[Event "GambitGuide"]
[Site "Internet Chess Club"]
[Date "2014.10.31"]
[Round "1"]
[White "JSBach"]
[Black "ClubberLang"]
[Result "1-0"]
[ICCResult "Black resigns"]
[WhiteElo "1677"]
[BlackElo "1684"]
[Opening "Vienna: `Frankenstein-Dracula' variation"]
[ECO "C27"]
[NIC "VG.02"]
[Time "09:33:14"]
[TimeControl "120+12"]

1. e4 e5 2. Nc3 Nf6 3. Bc4 Nxe4 4. Qh5 Nd6 5. Bb3 Nc6 6. Nb5 g6 7. Qf3 f5 8.
Qd5 Qe7 9. Nxc7+ Kd8 10. Nxa8 b6 11. d3 Bb7 12. Nxb6 axb6 13. Qf3 Nd4 14.
Qg3 Bg7 15. Bg5 Bf6 16. Bxf6 Qxf6 17. Ba4 b5 18. Bb3 Nxb3 19. axb3 Re8 20.
Ra7 e4 21. Kf1 exd3 22. Qxd3 Be4 23. Qd2 Qxb2 24. Nf3 Bxf3 25. gxf3
{Black resigns}
1-0

[Event "GambitGuide"]
[Site "Internet Chess Club"]
[Date "2014.10.31"]
[Round "1"]
[White "JSBach"]
[Black "mgchess"]
[Result "1-0"]
[ICCResult "Black resigns"]
[WhiteElo "1677"]
[BlackElo "1364"]
[Opening "Vienna: `Frankenstein-Dracula' variation"]
[ECO "C27"]
[NIC "VG.02"]
[Time "09:32:52"]
[TimeControl "120+12"]

1. e4 e5 2. Nc3 Nf6 3. Bc4 Nxe4 4. Qh5 Nd6 5. Bb3 Nc6 6. Nb5 g6 7. Qf3 f5 8.
Qd5 Qe7 9. Nxc7+ Kd8 10. Nxa8 b6 11. d3 Bb7 12. Nxb6 axb6 13. Qf3 Nd4 14.
Qg3 Bg7 15. Bg5 Bf6 16. Bxf6 Qxf6 17. Ba4 b5 18. Bb3 Qe7 19. Ne2 Re8 20. Nc3
b4 21. Nd1 e4 22. Ne3 exd3 23. cxd3 g5 24. h4 f4 25. Qxg5 fxe3 26. Qa5+ Kc8
27. Rc1+ Kb8 28. Qc7+ Ka8 29. Qa5+ Kb8 30. Kf1 e2+ 31. Ke1 Rc8 32. Rxc8+
Kxc8 33. Qc5+ Kb8 34. Qxd4 Bxg2 35. Qxb4+ Kc8 36. Qc5+ Kd8 37. Rg1 Qxh4 38.
Qxd6 {Black resigns} 1-0

[Event "GambitGuide"]
[Site "Internet Chess Club"]
[Date "2014.10.31"]
[Round "1"]
[White "JSBach"]
[Black "Fianchettoed"]
[Result "1-0"]
[ICCResult "Black resigns"]
[WhiteElo "1658"]
[BlackElo "1444"]
[Opening "Vienna: `Frankenstein-Dracula' variation"]
[ECO "C27"]
[NIC "VG.02"]
[Time "09:32:52"]
[TimeControl "120+12"]

1. e4 e5 2. Nc3 Nf6 3. Bc4 Nxe4 4. Qh5 Nd6 5. Bb3 Nc6 6. Nb5 g6 7. Qf3 f5 8.
Qd5 Qe7 9. Nxc7+ Kd8 10. Nxa8 b6 11. d3 Nb4 12. Bg5 Qxg5 13. Qxe5 Bg7 14.
Qxg7 Re8+ 15. Kf1 Bb7 16. Nf3 Bxf3 17. gxf3 Qh4 18. a3 Qh3+ 19. Kg1 Qxf3 20.
Qf6+ Kc8 21. Qxd6 Qg4+ 22. Qg3 {Black resigns} 1-0

[Event "GambitGuide"]
[Site "Internet Chess Club"]
[Date "2014.10.31"]
[Round "1"]
[White "JSBach"]
[Black "Diracie"]
[Result "1-0"]
[ICCResult "Black resigns"]
[WhiteElo "1679"]
[BlackElo "1437"]
[Opening "Vienna: `Frankenstein-Dracula' variation"]
[ECO "C27"]
[NIC "VG.02"]
[Time "09:33:37"]
[TimeControl "120+12"]

1. e4 e5 2. Nc3 Nf6 3. Bc4 Nxe4 4. Qh5 Nd6 5. Bb3 Nc6 6. Nb5 g6 7. Qf3 f5 8.
Qd5 Qe7 9. Nxc7+ Kd8 10. Nxa8 b6 11. d3 Nd4 12. f4 Bb7 13. Qxe5 Qxe5+ 14.
fxe5 Nc8 15. Bg5+ Be7 16. Nxb6 axb6 17. Bxe7+ Nxe7 18. Kf2 Nec6 19. Bd5 Kc7
20. c3 Nb5 21. a4 Nba7 22. Nf3 Nc8 23. Bc4 N8e7 24. Rhd1 h6 25. e6 d6 26.
Rac1 d5 27. Bb5 Kd6 28. Re1 Re8 29. Ne5 Ba8 30. Nf7+ Kc7 31. Nxh6 Rf8 32.
Nf7 Rxf7 33. exf7 {Black resigns} 1-0

[Event "GambitGuide"]
[Site "Internet Chess Club"]
[Date "2014.10.31"]
[Round "1"]
[White "JSBach"]
[Black "PaddinTon"]
[Result "1-0"]
[ICCResult "Black checkmated"]
[WhiteElo "1669"]
[BlackElo "1776"]
[Opening "Vienna: `Frankenstein-Dracula' variation"]
[ECO "C27"]
[NIC "VG.02"]
[Time "09:35:09"]
[TimeControl "120+12"]

1. e4 e5 2. Nc3 Nf6 3. Bc4 Nxe4 4. Qh5 Nd6 5. Bb3 Nc6 6. Nb5 g6 7. Qf3 f5 8.
Qd5 Qe7 9. Nxc7+ Kd8 10. Nxa8 b6 11. d3 Bg7 12. Ba4 Bb7 13. Nxb6 axb6 14.
Qb3 Kc7 15. Nf3 e4 16. Bg5 Bf6 17. Bxf6 Qxf6 18. Bxc6 dxc6 19. dxe4 fxe4 20.
Nd2 e3 21. fxe3 Qh4+ 22. g3 Qg4 23. O-O Re8 24. Rad1 c5 25. c4 Qh3 26. Rf2
Rf8 27. Rdf1 h5 28. Qd3 h4 29. Qxg6 hxg3 30. Qxg3 Rh8 31. Rf7+ Kb8 32. Qxd6+
Ka7 33. Qg3 Qe6 34. Rxb7+ Kxb7 35. Qg7+ Ka6 36. Qxh8 Qxe3+ 37. Kh1 Qxd2 38.
Qa8# {Black checkmated} 1-0

[Event "GambitGuide"]
[Site "Internet Chess Club"]
[Date "2014.10.31"]
[Round "1"]
[White "JSBach"]
[Black "nsideurheadbro"]
[Result "1-0"]
[ICCResult "Black resigns"]
[WhiteElo "1676"]
[BlackElo "1184"]
[Opening "Vienna: `Frankenstein-Dracula' variation"]
[ECO "C27"]
[NIC "VG.02"]
[Time "09:34:13"]
[TimeControl "120+12"]

1. e4 e5 2. Nc3 Nf6 3. Bc4 Nxe4 4. Qh5 Nd6 5. Bb3 Nc6 6. Nb5 g6 7. Qf3 f5 8.
Qd5 Qe7 9. Nxc7+ Kd8 10. Nxa8 b6 11. d3 Bb7 12. Nxb6 axb6 13. Qf3 Nd4 14.
Qg3 f4 15. Qg4 e4 16. Kf1 e3 17. Bxe3 fxe3 18. Qxd4 e2+ 19. Nxe2 Bxg2+ 20.
Kxg2 Bg7 21. Qxb6+ Kc8 22. Rhe1 Qg5+ 23. Kh1 Rf8 24. Qxd6 Qf5 25. f4 Be5 26.
Qxe5 {Black resigns} 1-0

[Event "GambitGuide"]
[Site "Internet Chess Club"]
[Date "2014.10.31"]
[Round "1"]
[White "JSBach"]
[Black "sib39"]
[Result "1-0"]
[ICCResult "Black resigns"]
[WhiteElo "1676"]
[BlackElo "1370"]
[Opening "Vienna: `Frankenstein-Dracula' variation"]
[ECO "C27"]
[NIC "VG.02"]
[Time "09:35:38"]
[TimeControl "120+12"]

1. e4 e5 2. Nc3 Nf6 3. Bc4 Nxe4 4. Qh5 Nd6 5. Bb3 Nc6 6. Nb5 g6 7. Qf3 f5 8.
Qd5 Qe7 9. Nxc7+ Kd8 10. Nxa8 b6 11. d3 Bb7 12. Nxb6 axb6 13. Qf3 Bg7 14.
Be3 Nb5 15. Bxb6+ Kc8 16. Qd5 Nbd4 17. Bc5 Qe8 18. Bd6 Na5 19. Qxa5
{Black resigns}
1-0